Map: King Sejong Station LE

Players

CaVaLieR

  • Race: Protoss Protoss
  • League: Diamond

Ascarecrow - Winner!

  • Race: Zerg Zerg
  • League: Master

VOD

Have the link to the VOD?

Description

Time

  • Played on: July 11, 2016, 4:41 a.m.
  • Length: 16:29
Show
View Real Time Build Order
Export as new Build Order

CaVaLieR Protoss 

Build Orders: 1 Gate Expand 

Get SALT Encoding   

  12  0:01  Probe (Chrono Boost)  
  13  0:11  Probe (Chrono Boost)  
  14  0:18  Pylon  
  14  0:22  Probe (Chrono Boost)  
  15  0:37  Probe (Chrono Boost), Gateway  
  16  0:47  Probe (Chrono Boost)  
  16  0:48  Assimilator  
  17  0:58  Probe (Chrono Boost)  
  18  1:08  Probe (Chrono Boost)  
  19  1:19  Probe (Chrono Boost)  
  19  1:22  Nexus  
  20  1:33  Cybernetics Core  
  20  1:41  Pylon  
  20  1:42  Probe (Chrono Boost)  
  21  1:47  Assimilator  
  21  1:53  Probe (Chrono Boost)  
  22  2:03  Probe (Chrono Boost), Gateway  
  23  2:11  Adept  
  25  2:17  Mothership Core (Chrono Boost)  
  25  2:19  Warp Gate  
  27  2:35  Probe (Chrono Boost)  
  28  2:49  Probe (Chrono Boost)  
  28  2:53  Forge  
  28  2:54  Gateway  
  28  2:56  Pylon  
  28  2:58  Probe (Chrono Boost)  
  29  2:59  Probe (Chrono Boost)  
  29  3:04  Adept  
  32  3:11  Probe x2 (Chrono Boost)  
  34  3:18  Pylon  
  34  3:22  Probe (Chrono Boost)  
  34  3:23  Probe (Chrono Boost)  
  34  3:25  Protoss Ground Weapons Level 1 (Chrono Boost)  
  36  3:34  Twilight Council  
  37  3:41  Probe (Chrono Boost)  
  37  3:43  Pylon  
  37  3:44  Probe (Chrono Boost)  
  38  3:50  Adept  
  38  3:53  Probe (Chrono Boost)  
  38  3:54  Probe (Chrono Boost)  
  42  4:04  Probe (Chrono Boost)  
  42  4:05  Probe (Chrono Boost)  
  42  4:06  Adept x2  
  48  4:14  Probe (Chrono Boost)  
  48  4:15  Probe (Chrono Boost)  
  50  4:25  Probe (Chrono Boost)  
  50  4:26  Probe (Chrono Boost)  
  50  4:35  Probe (Chrono Boost)  
  50  4:36  Probe (Chrono Boost)  
  50  4:37  Resonating Glaives (Chrono Boost)  
  50  4:41  Stalker  
  50  4:43  Adept x2  
  56  4:45  Assimilator  
  56  4:46  Probe (Chrono Boost)  
  56  4:47  Probe (Chrono Boost)  
  56  4:49  Assimilator  
  58  4:53  Robotics Facility  
  58  4:56  Pylon  
  58  5:06  Protoss Ground Weapons Level 2  
  58  5:08  Probe x2  
  60  5:14  Adept x3  
  66  5:22  Gateway  
  66  5:24  Gateway  
  66  5:30  Gateway  
  66  5:40  Adept x2, Pylon  
  66  5:41  Adept  
  72  5:43  Pylon, Observer  
  73  6:04  Warp Prism (Chrono Boost)  
  74  6:25  Adept  
  74  6:26  Adept x2  
  74  6:27  Nexus  
  74  6:29  Pylon  
  80  6:36  Adept x3  
  86  6:50  Immortal (Chrono Boost)  
  86  6:52  Photon Cannon  
  90  6:54  Pylon  
  90  6:59  Pylon  
  90  7:00  Adept  
  92  7:02  Adept  
  78  7:23  Pylon  
  78  7:24  Pylon  
  72  7:30  Protoss Ground Weapons Level 3  
  72  7:31  Adept x4  
  72  7:32  Adept x2  
  72  7:49  Immortal (Chrono Boost)  
  72  7:51  Probe x2  
  74  7:52  Photon Cannon  
  74  7:54  Photon Cannon  
  74  7:55  Probe  
  75  8:03  Probe x2  
  75  8:05  Probe  
  77  8:15  Probe  
  77  8:17  Stalker x3  
  77  8:19  Adept x3  
  85  8:42  Zealot x2  
  85  8:44  Stalker x2  
  85  8:45  Stalker  
  85  8:46  Stalker  
  69  9:05  Probe  
  69  9:07  Probe x2  
  66  9:10  Blink (Chrono Boost), Pylon  
  66  9:11  Immortal (Chrono Boost), Pylon  
  66  9:16  Probe  
  68  9:18  Stalker x3  
  68  9:19  Probe x2  
  77  9:30  Adept x3  
  83  9:32  Probe x2  
  83  9:38  Probe  
  85  9:44  Probe  
  87  9:47  Immortal (Chrono Boost)  
  91  9:55  Gateway  
  91  9:58  Assimilator  
  91  10:04  Assimilator  
  91  10:05  Photon Cannon  
  91  10:06  Sentry x2  
  95  10:08  Gateway  
  95  10:09  Protoss Ground Armor Level 1 (Chrono Boost)  
  95  10:15  Probe x2  
  95  10:21  Probe  
  97  10:27  Probe  
  99  10:32  Robotics Bay  
  97  10:43  Pylon  
  97  10:49  Adept x2  
  101  10:50  Adept x4  
  109  11:02  Probe x2  
  111  11:05  Dark Shrine  
  111  11:06  Sentry  
  113  11:14  Sentry  
  113  11:15  Adept x3, Sentry  
  113  11:16  Adept x2  
  127  11:19  Disruptor  
  127  11:25  Nexus  
  130  11:27  Pylon  
  130  11:30  Pylon  
  130  11:52  Stalker x2  
  130  11:53  Stalker x4  
  130  11:54  Stalker  
  137  12:08  Disruptor  
  137  12:12  Protoss Ground Armor Level 2 (Chrono Boost)  
  137  12:14  Gateway  
  137  12:15  Gateway  
  140  12:18  Gateway  
  140  12:19  Photon Cannon  
  140  12:23  Dark Templar x2, Assimilator  
  140  12:24  Dark Templar  
  146  12:32  Extended Thermal Lance  
  146  12:50  Pylon  
  141  13:17  Disruptor  
  142  13:24  Stalker x4  
  130  13:37  Sentry x2  
  130  13:38  Sentry x4  
  96  13:53  Disruptor  
  81  13:57  Sentry x2  
  81  13:58  Stalker x3  
  79  14:19  Stalker x2  
  79  14:20  Stalker x5  
  91  14:29  Observer  
  54  14:47  Stalker x3  
  54  14:48  Stalker x4  
  54  14:52  Dark Templar x3  
  67  15:14  Disruptor (Chrono Boost)  
  67  15:20  Stalker x3  
  74  15:21  Zealot x2  
  74  15:22  Zealot x2  
  82  15:36  Adept  
  84  15:48  Observer (Chrono Boost)  
  55  16:12  Stalker x6  
  55  16:13  Stalker  
Show
View Real Time Build Order
Export as new Build Order

Ascarecrow Zerg - Winner!

Build Orders: Pool First, Lurkers 

Get SALT Encoding   

  12  0:01  Drone  
  13  0:12  Overlord  
  13  0:17  Drone  
  14  0:30  Drone x2  
  16  0:35  Drone  
  17  0:45  Spawning Pool  
  17  0:48  Drone  
  17  1:06  Drone  
  18  1:16  Hatchery, Drone  
  18  1:21  Drone  
  19  1:32  Queen  
  19  1:34  Zergling x2  
  22  1:45  Zergling x2, Extractor  
  23  1:53  Overlord  
  23  2:04  Hatchery  
  22  2:11  Queen  
  22  2:12  Drone  
  22  2:15  Drone  
  26  2:26  Drone  
  27  2:33  Queen  
  27  2:35  Drone x2  
  30  2:51  Drone  
  30  2:52  Drone x4  
  35  3:00  Overlord  
  35  3:19  Queen  
  35  3:21  Drone x5  
  35  3:23  Extractor  
  35  3:25  Extractor  
  40  3:28  Drone x3  
  43  3:36  Drone x6  
  49  3:45  Overlord  
  49  3:46  Overlord x2  
  49  4:00  Roach Warren  
  48  4:03  Zergling x2  
  48  4:04  Zergling x12  
  55  4:17  Metabolic Boost  
  50  4:35  Drone x13  
  63  4:41  Queen  
  63  4:42  Lair  
  65  4:48  Spore Crawler  
  65  4:50  Roach Warren  
  64  4:55  Spore Crawler  
  64  4:56  Drone  
  64  5:01  Drone x8  
  64  5:06  Spore Crawler, Overlord  
  71  5:07  Overlord x2  
  71  5:21  Extractor  
  71  5:24  Roach, Extractor  
  71  5:25  Roach x6  
  71  5:28  Zergling x2  
  84  5:29  Zergling x6  
  87  5:35  Overlord  
  87  5:36  Overlord  
  87  5:42  Glial Reconstitution  
  87  5:47  Zergling x2  
  88  5:57  Overlord x2  
  88  5:58  Zergling x2  
  88  5:59  Zergling x14  
  96  6:08  Roach  
  100  6:18  Roach  
  100  6:19  Roach x7  
  100  6:21  Overlord x2  
  113  6:42  Drone x3  
  113  6:44  Drone x3, Hydralisk Den  
  113  6:46  Drone  
  119  6:53  Drone  
  120  6:54  Drone x6  
  120  6:57  Extractor  
  120  6:58  Extractor  
  122  7:08  Roach x4  
  112  7:27  Roach x7  
  112  7:28  Roach x3  
  122  7:51  Drone  
  122  7:52  Drone x7  
  122  7:53  Muscular Augments  
  130  8:00  Overlord  
  130  8:10  Hatchery  
  129  8:19  Ravager  
  126  8:22  Zergling x18  
  88  8:54  Drone  
  88  8:55  Drone x11  
  95  8:56  Evolution Chamber  
  76  9:21  Queen  
  77  9:28  Hydralisk  
  77  9:29  Hydralisk x8  
  92  9:31  Zerg Missile Weapons Level 1  
  92  9:34  Queen  
  94  9:39  Queen  
  94  9:42  Hydralisk  
  94  9:43  Hydralisk x4  
  106  9:48  Hydralisk x4  
  114  9:53  Extractor  
  114  9:55  Hydralisk x4  
  114  9:57  Extractor  
  120  10:02  Hydralisk  
  120  10:03  Hydralisk  
  120  10:07  Lurker Den  
  124  10:09  Hydralisk  
  124  10:10  Hydralisk  
  124  10:12  Evolution Chamber  
  127  10:14  Overseer  
  127  10:17  Hydralisk  
  127  10:18  Hydralisk x5  
  139  10:38  Drone  
  139  10:39  Drone x2  
  139  10:40  Drone  
  139  10:41  Overlord  
  139  10:42  Overlord x7  
  143  10:44  Zerg Ground Armor Level 1  
  143  11:02  Drone x3  
  143  11:03  Hydralisk, Drone  
  143  11:04  Hydralisk x7  
  163  11:26  Hydralisk x6  
  163  11:27  Hydralisk  
  163  11:30  Drone  
  163  11:31  Drone x2  
  180  11:33  Drone  
  180  11:34  Drone  
  180  11:35  Hatchery  
  166  11:57  Zerg Missile Weapons Level 2  
  166  12:06  Lurker  
  166  12:07  Lurker x13  
  180  12:10  Lurker x2  
  180  12:12  Zergling x2  
  180  12:13  Zergling x26  
  196  12:17  Hydralisk  
  198  12:31  Zergling x2  
  199  12:40  Zerg Ground Armor Level 2  
  199  12:43  Spire  
  198  12:49  Pneumatized Carapace  
  198  12:53  Spore Crawler  
  198  12:55  Spore Crawler, Spine Crawler x2  
  198  12:57  Spine Crawler  
  193  12:58  Spine Crawler  
  189  13:11  Drone x2  
  189  13:12  Drone x8  
  194  13:13  Drone x2  
  174  13:39  Zergling x2  
  174  13:40  Zergling x44  
  158  14:13  Zerg Melee Weapons Level 1  
  158  14:14  Hydralisk  
  158  14:15  Hydralisk x12  
  146  14:32  Hydralisk x3  
  146  14:33  Hydralisk x2  
  146  14:45  Hydralisk  
  146  14:46  Hydralisk x9  
  166  15:13  Hatchery  
  159  15:16  Lurker  
  159  15:17  Lurker x10  
  159  15:18  Lurker  
  171  15:24  Overseer x4  
  171  15:54  Zergling x2  
  171  15:55  Zergling x36  
Tags
 
Add a new tag
Caveats
  • Supply blocks, unpowered buildings, or Contaminate may cause inaccurate times.
  • Supply counts are checked every 10 seconds.